 Dungeon Crawl Stone Soup version 0.31-a0-859-g9dce7d3444 (webtiles) character file.

Game seed: 12852771134152786110

55 Azuregosa the Conjurer (level 3, -1/31 HPs)
             Began as a Troll Conjurer on Oct 9, 2023.
             Slain by Terence
             ... wielding a +2 heavy hand axe
              (12 damage)
             ... on level 2 of the Dungeon.
             The game lasted 00:05:18 (867 turns).

Azuregosa the Conjurer (Troll Conjurer)              Turns: 867, Time: 00:05:19

Health: -1/31      AC:  4    Str: 15    XL:     3   Next: 67%
Magic:  1/4        EV:  9    Int: 16    God:
Gold:   117        SH:  0    Dex:  8    Spells: 1/5 levels left

rFire   . . .        (no weapon)
rCold   . . .        (no shield)
rNeg    . . .        a - +0 robe
rPois   .            (helmet restricted)
rElec   .            (no cloak)
rCorr   .            (gloves unavailable)
SInv    .            (boots unavailable)
Will    .....        (no amulet)
Stlth   +            (no ring)
HPRegen 1.05/turn    (no ring)
MPRegen 0.09/turn

%: no passive effects
@: no status effects
A: large, unfitting armour, claws 3, regeneration 1, shaggy fur 1, tough skin 1
a: no special abilities


You were on level 2 of the Dungeon.
You visited 1 branch of the dungeon, and saw 3 of its levels.

You collected 117 gold pieces.

Inventory:

Armour
 a - a +0 robe (worn)
Talismans
 h - a blade talisman
 k - a beast talisman
Scrolls
 c - 2 scrolls of teleportation {unknown}
 d - 3 scrolls of identify {unknown}
 e - 2 scrolls of vulnerability {unknown}
 f - a scroll of acquirement {unknown}
 i - a scroll of enchant weapon {unknown}
Potions
 b - a potion of magic
 g - a potion of haste {unknown}
 j - a potion of curing {unknown}


   Skills:
 + Level 2.1 Dodging
 + Level 1.4 Stealth
 + Level 1.6 Spellcasting
 + Level 3.2 Conjurations


You had one spell level left.
You knew the following spells:

 Your Spells              Type           Power      Damage    Failure   Level
a - Magic Dart            Conj           44%        1d5       5%          1
b - Dazzling Flash        Conj/Hex       12%        N/A       32%         3

Your spell library contained the following spells:

 Spells                   Type           Power      Damage    Failure   Level
 Searing Ray              Conj           22%        2d5       9%          2
 Wereblood                Tmut           1%         N/A       32%         2
 Fulminant Prism          Conj/Hex       3%         3d5       73%         4
 Iskenderun's Mystic Bla  Conj/Tloc      6%         2d4       73%         4
 Irradiate                Conj/Tmut      3%         3d12      97%         5


Dungeon Overview and Level Annotations

Branches:
Dungeon (3/15)

Altars:

Annotations:
D:2 Terence


Innate Abilities, Weirdness & Mutations

You are too large for most types of armour.
You have claws for hands.
Your natural rate of healing is unusually fast.
You are covered in fur. (AC +1)
You have tough skin. (AC +1)


Message History

Terence the Incautious comes into view.
He is wielding a +2 heavy hand axe.
Terence shouts!
Casting: Magic Dart (safe; 5% risk of failure)
Confirm with . or Enter, or press ? or * to list all spells.
Casting: Dazzling Flash (quite dangerous; 32% risk of failure)
Press: ? - help, Dir - look around, f - activate Terence is dazzled.
Terence barely misses you.
You closely miss Terence.
Terence hits you with a +2 heavy hand axe!
Casting: Dazzling Flash (quite dangerous; 32% risk of failure)
Confirm with . or Enter, or press ? or * to list all spells.
Aiming: Magic Dart (safe; 5% risk of failure)
Press: ? - help, Shift-Dir - straight line, f - Terence
Aim: Terence, wielding a +2 heavy hand axe and wearing a +0 scale mail (blind, 100% to hit)
The magic dart hits Terence but does no damage.
Casting: Magic Dart (safe; 5% risk of failure)
Confirm with . or Enter, or press ? or * to list all spells.
You don't have enough magic to cast this spell.
Unknown command.
You closely miss Terence.
Terence hits you with a +2 heavy hand axe!
You closely miss Terence.
Terence is no longer blind.
Terence hits you with a +2 heavy hand axe.
You scratch Terence but do no damage. You scratch Terence.
Terence is moderately wounded.
Terence hits you with a +2 heavy hand axe.
* * * LOW HITPOINT WARNING * * *
You scratch Terence.
Terence is moderately wounded.
Terence closely misses you.
You scratch Terence.
Terence is heavily wounded.
You scratch Terence but do no damage.
Terence is heavily wounded.
Terence closely misses you.
You scratch Terence.
Terence is heavily wounded.
Terence hits you with a +2 heavy hand axe!
You die...

###...###.#..#.#####.##.......##.
#.(.......#......................
#....†....#.#.#........#####.....
#.........#.#.#........# #.....
#...........#..........# #.....
#........####.....##.### #.....
#........# #..........# #.....
#........# #.....#.##.# #.....
#........# #...@......= #.....
########## #...@..#.... #.....
#........... #.....##..#. ##.....
..# ##+#.#. ... .#. .. .# .


You could see Terence.

Vanquished Creatures
  2 worms (D:2)
  A dart slug (D:1)
  6 ball pythons
  5 bats (D:1)
  2 endoplasms
  A giant cockroach (D:1)
  2 goblins (D:2)
  2 hobgoblins (D:1)
  7 jackals
  3 quokkas
  3 frilled lizards (D:1)
  5 kobolds (D:1)
  4 rats
43 creatures vanquished.

Notes
Turn   | Place    | Note
-------+----------+-------------------------------------------
     0 | D:1      | Azuregosa the Troll Conjurer began the quest for the Orb.
     0 | D:1      | Reached XP level 1. HP: 16/16 MP: 1/1
    12 | D:1      | Reached skill level 3 in Conjurations
    51 | D:1      | Reached XP level 2. HP: 22/24 MP: 3/3
   221 | D:1      | Reached XP level 3. HP: 31/31 MP: 4/4
   451 | D:2      | Identified the +1 pair of gloves "Raip" {rF+}
   704 | D:2      | Learned a level 3 spell: Dazzling Flash
   852 | D:2      | Noticed Terence
   867 | D:2      | Slain by Terence

Illustrated notes

Levels and vault maps discovered:
D:1:      dpeg_arrival_pond, layout_rooms
D:2:      layout_basic, uniq_terence
D:3:      layout_loops_ring, corexii_shack, skrybe_limestone_x,
          roderic_lattice_a

Skill      XL: |  1  2 |
---------------+-------+-----
Conjurations   | 3 |  3.2
Dodging        | 2 |  2.1
Stealth        | |  1.4
Spellcasting   | |  1.6

Action                     || total
---------------------------++-------
  Melee: Unarmed           ||   148
         Punch             ||     1
   Cast: Magic Dart        ||     2
         Dazzling Flash    ||     1
 Armour: Robe              ||   107
  Dodge: Dodged            ||    54

Table legend: (Time is in decaauts)
 A = Elapsed time spent in this place.
 B = Non-inter-level travel time spent in this place.
 C = Inter-level travel time spent in this place.
 D = Time resting spent in this place.
 E = Time spent auto-exploring this place.
 F = Levels seen in this place.
 G = Mean time per level.
                   A        B        C        D        E       F      G
               +--------+--------+--------+--------+--------+-----+--------+
         Total |    867 |    853 |     14 |      9 |    363 |   3 |  289.0 |
       Dungeon |    867 |    853 |     14 |      9 |    363 |   3 |  289.0 |
               +--------+--------+--------+--------+--------+-----+--------+

Top non-repeatable levels by time:
     D:1: 443 daAuts
     D:2: 422 daAuts
     D:3: 1 daAuts
